 Dungeon Crawl Stone Soup version 0.31.0-11-ge490571c62 (webtiles) character file.

Game seed: 15809770292282525

33851 nightchill the Severer (level 13, -18/125 HPs)
             Began as a Minotaur Fighter on Jan 29, 2024.
             Was an Initiate of Gozag.
             Demolished by an ettin
             ... wielding a +0 dire flail
              (42 damage)
             ... on level 9 of the Dungeon on Jan 30, 2024.
             The game lasted 00:36:28 (17936 turns).

nightchill the Severer (Minotaur Fighter)          Turns: 17936, Time: 00:36:29

Health: -18/125    AC: 16    Str: 26    XL:     13   Next: 39%
Magic:  12/12      EV:  8    Int:  5    God:    Gozag
Gold:   3580       SH: 13    Dex: 16    Spells: 12/12 levels left

rFire   . . .        a - +0 war axe
rCold   . . .        e - +0 kite shield
rNeg    . . .        V - +1 chain mail {rPois}
rPois   +            (helmet restricted)
rElec   .            M - +0 cloak
rCorr   +            (no gloves)
SInv    .            H - +0 pair of boots
Will    .....        I - amulet of the acrobat Stlth
                     q - ring of resist corrosion
HPRegen 0.40/turn    F - +6 ring of dexterity
MPRegen 0.13/turn

%: acrobat
@: no status effects
A: horns 2, retaliatory headbutt
a: Renounce Religion, Potion Petition, Call Merchant, Bribe Branch


You were on level 9 of the Dungeon.
You worshipped Gozag.
Gozag was most pleased with you.
You visited 3 branches of the dungeon, and saw 15 of its levels.
You also visited: Ossuary.

You collected 4138 gold pieces.
You spent 390 gold pieces at shops.
You paid 168 gold pieces to Gozag.

Inventory:

Hand Weapons
 a - a +0 war axe (weapon)
 w - a +4 morningstar of freezing
Missiles
 d - 33 poisoned darts (quivered)
Armour
 e - a +0 kite shield (worn)
 H - a +0 pair of boots (worn)
 M - a +0 cloak (worn)
 V - a +1 chain mail of poison resistance (worn)
Jewellery
 q - a ring of resist corrosion (left hand)
 u - an amulet of regeneration
 F - a +6 ring of dexterity (right hand)
 I - an amulet of the acrobat (around neck)
 R - a ring of fire
Wands
 s - a wand of polymorph (2)
 A - a wand of acid (10)
 K - a wand of roots (8)
 O - a wand of flame (6)
 Q - a wand of paralysis (7)
Scrolls
 b - 2 scrolls of silence {unknown}
 c - 2 scrolls of blinking {unknown}
 f - 2 scrolls of vulnerability
 i - 4 scrolls of fear {unknown}
 j - 3 scrolls of fog {unknown}
 l - 4 scrolls of revelation
 m - 6 scrolls of teleportation
 n - 6 scrolls of enchant armour {unknown}
 p - 2 scrolls of enchant weapon {unknown}
 y - a scroll of amnesia {unknown}
 B - 3 scrolls of immolation {unknown}
 D - 3 scrolls of poison {unknown}
 E - a scroll of noise {unknown}
 L - 2 scrolls of brand weapon {unknown}
Potions
 g - 5 potions of heal wounds
 h - 8 potions of curing
 k - a potion of invisibility
 o - a potion of resistance
 r - a potion of brilliance
 t - a potion of haste
 v - a potion of enlightenment
 x - 4 potions of magic
 z - 3 potions of attraction
 C - 2 potions of lignification {unknown}
 J - 2 potions of might
 P - a potion of berserk rage {unknown}
 U - a potion of mutation {unknown}


   Skills:
 + Level 14.7 Fighting
 - Level 16.0 Axes
 * Level 12.9 Armour
 * Level 12.9 Shields


You had 12 spell levels left.
You didn't know any spells.
Your spell library contained the following spells:

 Spells                   Type           Power      Damage    Failure   Level
 Call Imp                 Summ           0%         N/A       99%         2
 Sublimation of Blood     Necr           0%         N/A       99%         2
 Tukima's Dance           Hex            0%         N/A       100%        3
 Dimensional Bullseye     Hex/Tloc       0%         N/A       100%        4
 Iskenderun's Mystic Bla  Conj/Tloc      0%         2d3       100%        4
 Summon Hydra             Summ           0%         N/A       100%        7


Dungeon Overview and Level Annotations

Branches:
Dungeon (10/15)            Temple (0/1) D:4            Lair (4/5) D:10
 Shoals (0/4) Lair:2        Snake (0/4) Lair:2          Orc (1/2) D:9
Ossuary (visited)
  Slime: Lair:4-5

Altars:
Dithmenos
Gozag
Uskayaw

Shops:
D:4 *   D:9 *

Annotations:
D:7 1 transporter, exclusion: downstairs
D:8 exclusion: downstairs
D:10 2 exclusions
Lair:2 2 transporters
Lair:3 exclusion: downstairs
Lair:4 1 exclusion


Innate Abilities, Weirdness & Mutations

You have a pair of horns on your head.
You reflexively headbutt those who attack you in melee.


Message History

You fly up into the air.
You block the orc warrior's attack. x2
You block the ettin's attack.
The ettin hits you with a +0 great mace.
* * * LOW HITPOINT WARNING * * *
An orc warrior is nearby!
Your surroundings suddenly seem different.
You start resting.
You are starting to lose your buoyancy.
You start resting.
You float gracefully downwards.
You start resting.
Your enlightenment fades.
You start resting.
HP restored.
There is an entrance to Heypp's Neck Hole here.
The ettin shouts in stereo!
You barely miss the ettin. You block the ettin's attack.
The ettin hits you with a +0 great mace!
You slash the ettin!
The ettin is moderately wounded.
You block the ettin's attack.
The ettin hits you with a +0 great mace.
You slash the ettin!
The ettin is moderately wounded.
The ettin hits you with a +0 dire flail!!
The ettin closely misses you.
You slice the ettin!!
The ettin is severely wounded.
You slash the ettin! You headbutt the ettin.
The ettin is almost dead.
The ettin hits you with a +0 dire flail!!
* * * LOW HITPOINT WARNING * * *
You block the ettin's attack.
You hit the ettin but do no damage.
The ettin is almost dead.
The ettin hits you with a +0 dire flail!!
* * * LOW HITPOINT WARNING * * *
The ettin hits you with a +0 great mace!!!
You die...
Your body crumbles into a pile of gold.

## ##..## ##.#.#######....## ## #
##..## #[#.# ##.##### #
##..#####<#.# ######.....###
##....##.#.# #........#..#.
####..[[#.# #........##...
##.[##.# #........####.
##..[.#####...#### #.
##.##...##..### ##
#..##@#..#.#### ##
#.###C##..>...#######. #.#
#..#..###......... #[# ##...##
####...... #)# ##..## ##.###..
############[###...#######......#
...........).................####
##########.#####..############ ##
##.....)## ##..##8###8###8###8


You could see an ettin.

Vanquished Creatures
  2 hydras
  4 two-headed ogres
  3 death yaks
  2 skysharks (Lair:4)
  An orc knight (D:9)
  An orc sorcerer (Orc:1)
  A manticore (D:9)
  9 elephants
  A cyclops (D:9)
  3 black mambas
  A torpor snail (Lair:3)
  2 unseen horrors (D:10)
  7 cane toads
  A rime drake (Lair:3)
  7 komodo dragons
  2 polar bears
  5 blink frogs (Lair:3)
  4 dream sheep (Lair:3)
  A shadow (D:5)
  Sigmund (D:3)
  3 wyverns
  A steam dragon (D:9)
  2 basilisks
  29 yaks
  4 vampire mosquitoes (D:8)
  3 acid dragons
  24 water moccasins
  4 ice beasts
  7 orc warriors
  A black bear (Lair:1)
  3 wolves (D:8)
  4 centaurs
  3 ogres
  A phantom (D:5)
  3 kobold brigands
  11 bullfrogs
  2 scorpions
  A burial acolyte (Ossuary)
  13 wights
  16 killer bees
  2 electric eels
  6 howler monkeys
  2 bombardier beetles
  2 gnoll boudas
  3 hounds
  A jelly (D:8)
  4 orc priests
  4 sleepcaps
  Jessica (D:3)
  3 iguanas
  Terence (D:3)
  6 orc wizards
  9 hell rats (Lair:1)
  A centaur simulacrum (D:8)
  A mummy (Ossuary)
  Robin (D:3)
  2 killer bee simulacra (D:8)
  7 gnolls
  12 adders
  19 river rats (Lair:1)
  A shadow imp (D:6)
  5 white imps
  3 ufetubi
  3 dart slugs
  3 ribbon worms
  25 orcs
  11 ball pythons
  10 endoplasms
  5 giant cockroaches
  11 goblins
  13 hobgoblins
  25 kobolds
  5 quokkas
  7 bats
  5 frilled lizards
  10 gnoll skeletons (Ossuary)
  8 kobold skeletons (Ossuary)
  2 orc skeletons (Ossuary)
  13 rats
  2 butterflies
447 creatures vanquished.

Notes
Turn   | Place    | Note
-------+----------+-------------------------------------------
     0 | D:1      | nightchill the Minotaur Fighter began the quest for the
                  | Orb.
     0 | D:1      | Reached XP level 1. HP: 19/19 MP: 0/0
   146 | D:1      | Reached XP level 2. HP: 27/27 MP: 1/1
   571 | D:1      | Reached skill level 3 in Axes
   811 | D:1      | Reached XP level 3. HP: 33/33 MP: 2/2
  1387 | D:2      | Reached skill level 4 in Axes
  1387 | D:2      | Reached XP level 4. HP: 38/41 MP: 3/3
  1746 | D:2      | Found a faded altar of an unknown god.
  1754 | D:2      | Prayed at the altar of an unknown god.
  1754 | D:2      | Became a worshipper of Gozag Ym Sagoz the Greedy
  1961 | D:3      | Reached XP level 5. HP: 45/47 MP: 4/4
  1979 | D:3      | Reached skill level 5 in Axes
  1988 | D:3      | Noticed Sigmund
  1998 | D:3      | Reached skill level 5 in Fighting
  2088 | D:3      | Noticed Terence
  2101 | D:3      | Killed Terence
  2132 | D:3      | Noticed Robin
  2229 | D:3      | Killed Robin
  2327 | D:3      | Found a shadowy altar of Dithmenos.
  2346 | D:3      | Noticed Jessica
  2361 | D:3      | Killed Jessica
  2433 | D:3      | Killed Sigmund
  2434 | D:3      | Reached skill level 6 in Axes
  2434 | D:3      | Reached XP level 6. HP: 26/57 MP: 5/5
  2844 | D:4      | Found Oddakkaf's General Store.
  3056 | D:4      | Reached skill level 7 in Axes
  3114 | D:4      | Noticed an acid dragon
  3124 | D:4      | Killed an acid dragon
  3125 | D:4      | Reached XP level 7. HP: 23/64 MP: 6/6
  3325 | D:4      | Found a staircase to the Ecumenical Temple.
  3764 | D:5      | Entered Level 5 of the Dungeon
  3804 | D:5      | Reached skill level 8 in Axes
  3926 | D:5      | Noticed a shadow
  3938 | D:5      | Killed a shadow
  4026 | D:5      | Reached skill level 9 in Axes
  4026 | D:5      | Reached XP level 8. HP: 70/73 MP: 7/7
  4484 | D:5      | Identified the +9 spear "Jellyslayer" {flame, Will+}
  4589 | D:5      | Reached skill level 10 in Axes
  5284 | D:6      | Reached skill level 11 in Axes
  5799 | D:7      | Reached XP level 9. HP: 77/83 MP: 8/8
  5837 | D:7      | Found a sand-covered staircase.
  5864 | Ossuary  | Entered an ossuary
  6182 | Ossuary  | Reached skill level 12 in Axes
  6651 | D:7      | Reached skill level 10 in Fighting
  6905 | D:7      | Reached skill level 13 in Axes
  7070 | D:7      | Identified the ring "Pilus" {rC- Int+7 Dex+6}
  7106 | D:7      | Found a transporter.
  7109 | D:7      | Identified the ring "Lureic" {rF+ rC- Str+6 Dex+4}
  7112 | D:7      | Noticed a komodo dragon
  7752 | D:8      | Reached XP level 10. HP: 94/94 MP: 9/9
  7848 | D:8      | Reached skill level 14 in Axes
  8309 | D:9      | Noticed a manticore
  8331 | D:9      | Killed a manticore
  8332 | D:9      | Reached skill level 15 in Axes
  8542 | D:9      | Noticed a two-headed ogre
  8576 | D:8      | Killed a two-headed ogre
  8686 | D:9      | Reached skill level 16 in Axes
  8787 | D:9      | Reached XP level 11. HP: 104/104 MP: 10/10
  9042 | D:9      | Found a staircase to the Orcish Mines.
  9119 | D:9      | Found Heypp's Neck Hole.
  9126 | D:9      | Bought an amulet of the acrobat for 390 gold pieces
  9218 | D:10     | Entered Level 10 of the Dungeon
  9277 | D:10     | Noticed a two-headed ogre
  9287 | D:10     | Killed a two-headed ogre
  9288 | D:10     | Reached skill level 5 in Armour
  9288 | D:10     | Reached skill level 5 in Shields
  9665 | D:10     | Noticed a two-headed ogre
  9673 | D:10     | Killed a two-headed ogre
 10136 | D:10     | Noticed a two-headed ogre
 10150 | D:10     | Killed a two-headed ogre
 10327 | D:10     | Found a staircase to the Lair.
 10547 | D:10     | Found a hide-covered altar of Uskayaw.
 10712 | Lair:1   | Entered Level 1 of the Lair of Beasts
 12035 | Lair:2   | Noticed a six-headed hydra
 12035 | Lair:2   | Found a transporter.
 12044 | Lair:1   | Killed a six-headed hydra
 12130 | Lair:2   | Reached XP level 12. HP: 72/115 MP: 11/11
 12268 | Lair:2   | Found a staircase to the Shoals.
 12747 | Lair:2   | Reached skill level 10 in Shields
 12749 | Lair:2   | Reached skill level 10 in Armour
 12963 | Lair:2   | Found a staircase to the Snake Pit.
 13193 | Lair:2   | Found a transporter.
 13948 | Lair:3   | Noticed an eight-headed hydra
 13961 | Lair:3   | Killed an eight-headed hydra
 15298 | Lair:4   | Found a dark tunnel.
 15357 | Lair:4   | Noticed a death yak
 15368 | Lair:4   | Noticed a death yak
 15384 | Lair:3   | Killed a death yak
 15385 | Lair:3   | Reached XP level 13. HP: 71/125 MP: 12/12
 17156 | Orc:1    | Entered Level 1 of the Orcish Mines
 17391 | Orc:1    | Noticed an ettin
 17936 | D:9      | Demolished by an ettin

Illustrated notes

Levels and vault maps discovered:
D:1:      saegor_arrival_fortress, layout_loops_ring, serial_co_window_serial,
          co_window_paths_a, co_window_corner_a, co_window_paths_a,
          co_window_paths_b, co_window_corner_a, co_window_of_opportunity_a,
          co_window_of_opportunity_a, co_window_paths_b, co_window_corner_a,
          co_window_cross_3, co_window_of_opportunity_c, co_window_cross_4,
          co_window_of_opportunity_b, co_window_4corner_b, glass_columns_b,
          glass_columns_b, glass_columns_a, glass_columns_b, minmay_tetromino_l4
D:2:      layout_basic, dreamdust_ecumenical_altar_angels_and_demons
D:3:      layout_rooms, nicolae_dithmenos_shadow_blocks, uniq_robin,
          uniq_terence, uniq_sigmund, uniq_jessica
D:4:      layout_loops_ring, minmay_temple_entry_poolview, serial_shops,
          nicolae_shop_peninsula, nrook_mini_vaults
D:5:      layout_cave_pods, kennysheep_generic_room_5
D:6:      layout_gridville, minmay_misc_feat_pillars, kennysheep_generic_room_9
D:7:      gammafunk_the_bubble [the_bubble_gammafunk_crates], layout_layer_cave,
          nicolae_ossuary_entry_monument, minmay_crystal_water
D:8:      layout_rooms, serial_ice, serial_ice_b, serial_ice_o, serial_ice_e,
          serial_ice_d, minmay_gold_behind_fungi
D:9:      layout_rooms, david_orc_4, chequers_serial_rivers_large_b,
          grunt_ministairs_10, nicolae_shop_sticking_my_neck_out
D:10:     layout_basic, nicolae_uskayaw_dance_studio, david_lair_shrubbed
Lair:1:   lemuel_ratsnest, layout_misc_corridors, lemuel_fruit_fields
Lair:2:   gammafunk_cloud_chamber, layout_regular_city, shoals_dummy_entry,
          minmay_snake_entry_six_corridors
Lair:3:   layout_roguey
Lair:4:   layout_small_grid, enter_volcano_2, serial_bayou_shore_a
Orc:1:    giant_chief_lemuel, layout_caves, kennysheep_orc_chapel, uniq_jorgrun,
          uniq_erolcha

Skill      XL: |  1  2  3  4  5  6  7  8  9 10 11 12 13 |
---------------+----------------------------------------+-----
Fighting       | 4 5 6 7 9 10 12 13 14 | 14.7
Armour         | 4 8 11 12 | 12.9
Shields        | 4 8 11 12 | 12.9
Axes           | 3 4 6 7 9 11 13 16 | 16.0

Action                     |  1- 3 |  4- 6 |  7- 9 | 10-12 | 13-15 || total
---------------------------+-------+-------+-------+-------+-------++-------
  Melee: War axe           |    82 |   129 |   292 |   751 |   143 ||  1397
         Headbutt          |    12 |    18 |    57 |   186 |    58 ||   331
         Morningstar       |       |       |       |    11 |       ||    11
 Invoke: Potion Petition   |       |       |     1 |       |       ||     1
  Evoke: Wand              |       |       |       |       |     2 ||     2
    Use: Potion            |       |     1 |     1 |     1 |     1 ||     4
         Scroll            |       |       |     7 |     1 |     5 ||    13
   Stab: Sleeping          |       |       |     1 |       |       ||     1
         Distracted        |       |       |       |     6 |       ||     6
 Armour: Scale mail        |    57 |    85 |     3 |       |       ||   145
         Chain mail        |       |       |   180 |    84 |    27 ||   291
         Plate armour      |       |       |       |   368 |    92 ||   460
  Dodge: Dodged            |    27 |    47 |    86 |   182 |    48 ||   390
  Block: Buckler           |     1 |       |       |       |       ||     1
         Kite shield       |    30 |    49 |   114 |   354 |    97 ||   644
